 Dungeon Crawl Stone Soup version 0.20-a0-1089-g3fde505 (webtiles) character file.

105 lauthentik the Sneak (level 4, -2/30 HPs)
             Began as a Vampire Enchanter on May 3, 2017.
             Slain by Grinder (11 damage)
             ... on level 3 of the Dungeon.
             The game lasted 00:07:56 (2103 turns).

lauthentik the Sneak (Vampire Enchanter)            Turns: 2103, Time: 00:07:57

Health: -2/30      AC:  4    Str:  7    XL:     4   Next: 54%
Magic:  1/8        EV: 13    Int: 18    God:
Gold:   111        SH:  0    Dex: 14    Spells: 2/8 levels left

rFire    . . .     SeeInvis +   r - +3 short sword (venom)
rCold    + + .     Gourm    .   (no shield)
rNeg     + + +     Faith    .   b - +0 robe
rPois    ∞         Spirit   .   q - +0 helmet
rElec    .         Reflect  .   (no cloak)
rCorr    +         Harm     .   l - +0 pair of gloves
MR       .....                  (no boots)
Stlth    +++++.....             (no amulet)
Regen    0.0/turn               t - ring of resist corrosion
MPRegen  0.2/turn               (no ring)

@: bloodless, non-regenerating
A: fangs 3, see invisible, unbreathing
a: Bat Form


You were on level 3 of the Dungeon.
You were bloodless.

You visited 1 branch of the dungeon, and saw 3 of its levels.

You collected 111 gold pieces.

Inventory:

Hand Weapons
 a - a +1 dagger
 f - a +0 hunting sling of flaming
 i - a +3 dagger
 n - a +1 dagger of venom
 r - a +3 short sword of venom (weapon)
Missiles
 o - 4 javelins (quivered)
Armour
 b - a +0 robe (worn)
 l - a +0 pair of gloves (worn)
 q - a +0 helmet (worn)
Jewellery
 t - a ring of resist corrosion (left hand)
Wands
 v - a wand of confusion (18/48)
Scrolls
 e - a scroll of remove curse {unknown}
 g - a scroll of enchant weapon
 h - a scroll of noise {unknown}
 j - 2 scrolls of identify
 k - a scroll of magic mapping {unknown}
 m - a scroll of fog {unknown}
Potions
 d - 18 potions of blood
 p - a potion of haste
 s - a potion of brilliance {unknown}
 u - a potion of curing {unknown}
Books
 c - a book of Maledictions

   Spells                             Type                      Level
   a - Corona                         Hexes                        1
   b - Ensorcelled Hibernation        Hexes/Ice                    2
   c - Confuse                        Hexes                        3
   d - Tukima's Dance                 Hexes                        3
   e - Dazzling Spray                 Conjuration/Hexes            3


   Skills:
 + Level 0.1 Fighting
 + Level 1.4 Short Blades
 + Level 0.1 Throwing
 + Level 2.5 Dodging
 + Level 5.6 Stealth
 + Level 2.7 Spellcasting
 + Level 5.5 Hexes
 + Level 0.6 Ice Magic


You had 2 spell levels left.
You knew the following spells:

 Your Spells              Type           Power        Failure   Level  Hunger
a - Ensorcelled Hibernat  Hex/Ice        ##....       7%          2    ##.....
b - Corona                Hex            ###....      1%          1    None
c - Confuse               Hex            ###.....     4%          3    ###....


Dungeon Overview and Level Annotations

Branches:
Dungeon (3/15)

Altars:
Elyvilon

Annotations:
D:3 Grinder


Innate Abilities, Weirdness & Mutations

You do not heal naturally.
You are immune to poison.
You have razor-sharp teeth.
You have supernaturally acute eyesight. (SInv)
You can survive without breathing.


Message History

* * * LOW HITPOINT WARNING * * *
Casting: Ensorcelled Hibernation
Confirm with . or Enter, or press ? or * to list all spells.
You don't have enough magic to cast that spell.
You closely miss the orc. The orc hits you but does no damage.
You hit the orc but do no damage.
The orc is poisoned.
Grinder hits herself.
The orc closely misses you.
You barely miss the orc.
Grinder looks more healthy.
The orc closely misses you.
You hit the orc.
The orc looks as sick as possible!
The orc is heavily wounded.
The orc closely misses you.
You kill the orc!
Grinder hits you but does no damage.
You barely miss Grinder. Your bite misses Grinder.
Grinder is heavily wounded.
You completely miss Grinder.
Grinder is heavily wounded.
Grinder hits you!
You die...

#......###
##.....##
#..###..###
...# ##...#
.###
###.###
#...#
###.###
#..5#
###@## #..#
##)# #...#
.#....♣ ..
##.#.♣ ..5
..... ....
... .....
...


You could see Grinder (confused).

Vanquished Creatures
  Robin (D:2)
  2 adders
  A worm (D:3)
  A dart slug (D:3)
  A leopard gecko (D:1)
  An orc (D:3)
  7 bats
  A giant cockroach (D:2)
  13 goblins
  8 hobgoblins
  11 jackals
  2 frilled lizards (D:2)
  8 kobolds
  5 rats
62 creatures vanquished.

Notes
Turn   | Place    | Note
-------+----------+-------------------------------------------
     0 | D:1      | lauthentik the Vampire Enchanter began the quest for the Orb.
     0 | D:1      | Reached XP level 1. HP: 13/13 MP: 3/3
   502 | D:1      | Reached XP level 2. HP: 13/19 MP: 1/5
   555 | D:1      | Learned a level 2 spell: Ensorcelled Hibernation
   637 | D:1      | Reached skill level 5 in Hexes
  1007 | D:2      | Reached XP level 3. HP: 24/24 MP: 6/6
  1015 | D:2      | Learned a level 3 spell: Confuse
  1083 | D:2      | Noticed Robin
  1165 | D:2      | Reached skill level 5 in Stealth
  1231 | D:2      | Killed Robin
  1389 | D:2      | Found a white marble altar of Elyvilon.
  1562 | D:2      | Reached XP level 4. HP: 28/30 MP: 4/7
  2028 | D:3      | Noticed Grinder
  2103 | D:3      | Slain by Grinder

Vault maps used:
D:1:      dpeg_arrival_simpleton_c
D:2:      elyvilon_altar_5, uniq_robin
D:3:      minmay_roachtagon, overflow_temple_1_default,
          chequers_ecumenical_altar_grove, first_bread, dk_noncrumbling_3,
          uniq_grinder

Skill      XL: |  1  2  3 |
---------------+----------+-----
Hexes          | 5 |  5.5
Stealth        | 5 |  5.6
Fighting       | |  0.1
Short Blades   | |  1.4
Throwing       | |  0.1
Dodging        | |  2.5
Spellcasting   | |  2.7
Ice Magic      | |  0.6

Action                   |  1- 3 |  4- 6 || total
-------------------------+-------+-------++-------
Melee: Dagger            |    68 |       ||    68
       Bite              |     7 |     4 ||    11
       Short sword       |     2 |    57 ||    59
Throw: Javelin           |     8 |       ||     8
 Cast: Corona            |     8 |       ||     8
       Ensorcelled Hiber |    20 |    11 ||    31
       Confuse           |       |     2 ||     2
  Use: Scroll            |       |     2 ||     2
 Stab: Sleeping          |    19 |     6 ||    25
       Confused          |       |     1 ||     1
Armor: Robe              |     7 |    25 ||    32
Dodge: Dodged            |    50 |    72 ||   122
